AoeStats
← AxD | Cad Bane

African Clearing

506580711Analyzed
2v2 RM · 19d ago on Sep 14, 2026· 60m 7s· 4 players
Game mode
Random Map
Map size
Medium (4 player)
Population
200
Speed
Normal
Resources
Standard
Victory
Conquest
Starting age
Dark Age
Ending age
Imperial Age
RankedLock teamsTeams togetherTeam positionsShared explorationLock speedFull tech treeHidden civsTurbo modeCheats
Victory
Defeat
🇨🇱 Lithuanians · Chile
1655
+14
🇦🇷 Tupi · Argentina
1596
+16
🇨🇴 Celts · Colombia
1647
-17
🇧🇷 Khitans · Brazil
1564
-13
Marvin Saturnino
9:09 Loom
9:31 Loom
11:28 Feudal Age
12:27 Double-Bit Axe
15:25 Town Watch
16:06 Forging
20:22 Wheelbarrow
24:13 Castle Age
22:54 Gold Mining
22:58 Fletching
24:21 Padded Archer Armor
25:56 Bodkin Arrow
26:30 Bow Saw
28:06 Ballistics
30:34 Thumb Ring
31:51 Domestication
33:04 Hand Cart
33:17 Heavy Cavalry Archer
34:44 Leather Archer Armor
35:54 Husbandry
40:30 Imperial Age
41:19 Bracer
41:51 Parthian Tactics
42:37 Chemistry
41:10 Light Cavalry
47:30 Scale Barding Armor
48:00 Iron Casting
51:55 Chain Barding Armor
52:07 Hussar
56:17 Plate Barding Armor
57:59 Ring Archer Armor
WryPig
12:56 Feudal Age
17:12 Castle Age
15:19 Double-Bit Axe
17:11 Horse Collar
17:49 Loom
23:12 Fletching
27:46 Scale Mail Armor
28:37 Town Watch
30:03 Chain Mail Armor
31:22 Wheelbarrow
33:00 Bow Saw
35:27 Gold Mining
35:27 Stone Mining
38:58 Imperial Age
36:44 Hand Cart
36:44 Heavy Plow
37:07 Forging
37:40 Gold Shaft Mining
37:41 Stone Shaft Mining
37:29 Stronghold
37:35 Bodkin Arrow
39:11 Iron Casting
38:39 Pikeman
39:40 Elite Woad Raider
40:04 Halberdier
41:50 Plate Mail Armor
42:04 Conscription
42:20 Hoardings
42:01 Masonry
41:59 Capped Ram
43:05 Furor Celtica
44:07 Chemistry
42:52 Siege Ram
45:08 Masonry
46:20 Blast Furnace
47:50 Ballistics
50:32 Heavy Scorpion
AxD | Cad Bane
9:42 Loom
12:11 Feudal Age
12:57 Double-Bit Axe
15:58 Scale Barding Armor
17:21 Bloodlines
19:21 Castle Age
17:53 Horse Collar
18:06 Gold Mining
18:49 Forging
19:23 Light Cavalry
20:28 Bloodlines
26:32 Wheelbarrow
26:36 Chain Barding Armor
28:12 Husbandry
30:16 Heavy Plow
33:45 Hand Cart
39:19 Imperial Age
36:35 Town Watch
37:52 Iron Casting
37:35 Stone Mining
37:56 Bow Saw
41:34 Chemistry
40:07 Elite Leitis
41:17 Conscription
40:55 Fletching
41:05 Padded Archer Armor
41:42 Plate Barding Armor
41:30 Fletching
41:40 Padded Archer Armor
42:02 Ballistics
41:54 Masonry
41:48 Tower Shields
41:27 Elite Skirmisher
44:28 Two-Man Saw
44:06 Bodkin Arrow
44:26 Leather Archer Armor
44:15 Hill Forts
44:15 Capped Ram
45:54 Stone Shaft Mining
46:20 Thumb Ring
47:17 Bracer
48:51 Ring Archer Armor
56:07 Hoardings
57:05 Fortified Wall
56:36 Treadmill Crane
57:27 Architecture
57:18 Bombard Tower
57:43 Murder Holes
60:43 Crop Rotation
AxD | Keiokenkun-Uno-Puro
3:58 Loom
6:10 Loom
8:12 Loom
12:26 Feudal Age
14:43 Gold Mining
14:53 Double-Bit Axe
19:59 Castle Age
18:02 Fletching
20:35 Padded Archer Armor
20:49 Bodkin Arrow
20:25 Crossbowman
22:46 Bow Saw
22:29 Gold Mining
25:09 Wheelbarrow
27:26 Town Watch
27:52 Horse Collar
33:41 Hand Cart
33:46 Heavy Plow
35:10 Ballistics
39:07 Imperial Age
37:11 Padded Archer Armor
41:34 Two-Man Saw
40:35 Champi Runner
41:16 Squires
41:17 Scale Mail Armor
41:19 Bracer
42:31 Chemistry
41:20 Arbalester
43:28 Conscription
45:41 Champi Runner
46:21 Squires
46:04 Elite Ibirapema Warrior
46:45 Squires
47:29 Scale Mail Armor
47:39 Forging
47:46 Leather Archer Armor
51:03 Iron Casting
51:12 Chain Mail Armor
51:28 Ring Archer Armor
51:36 Conscription
53:37 Curare
55:05 Champi Runner
56:24 Plate Mail Armor
56:56 Stone Mining
Connection lost

Rejoining the realm…

Still unreachable

The connection could not be restored.

Session expired

The server has moved on; the page needs a fresh start.